[Event "15th Chennai GM Open 2025"]
[Site "Chennai"]
[Date "2025.01.09"]
[Round "10.3"]
[White "Venkatesh, M.R."]
[Black "Vaz, Ethan"]
[Result "1-0"]
[ECO "B22"]
[WhiteElo "2362"]
[BlackElo "2412"]
[Annotator "TA"]
[PlyCount "91"]
[EventDate "2025.01.02"]
[EventType "swiss"]
[EventCountry "IND"]
[SourceTitle "playchess.com"]
[Source "ChessBase"]
[SourceQuality "1"]
[TimeControl "5400+30"]

1. e4 c5 2. c3 d5 3. exd5 Qxd5 4. d4 Nf6 5. Nf3 e6 6. Na3 a6 7. Nc4 Nbd7 8. Be2 b5 9. Na5 Be7 10. O-O Bd8 {[%emt 0:17:09] [#]} ({Black should play} 10... O-O $14) 11. Nd2 $1 Qd6 $16 12. Bf3 Bc7 13. g3 {[%emt 0:00:21] And now dxc5 would win.} Rb8 14. Ndb3 Nd5 {[%emt 0:18:11] Wards off Bf4} (14... cxd4 $16 15. Nc6 (15. cxd4 Nd5 $14) (15. Qxd4 Ne5 $14) 15... dxc3) 15. dxc5 $18 Nxc5 {[%emt 0:00:05] [#]} 16. Bxd5 $1 Qxd5 17. Qxd5 exd5 18. Nxc5 Bxa5 {[%emt 0:00:01] [#]} 19. Bf4 $1 Ra8 {[%emt 0:00:15] Black is weak on the dark squares} 20. Rfe1+ Be6 21. Nxe6 fxe6 22. Rxe6+ Kf7 23. Re5 Rhd8 24. Rd1 Bc7 25. Rexd5 Rxd5 26. Rxd5 Bxf4 {[%emt 0:00:16][%mdl 4096] Endgame KRB-KR} 27. Rf5+ ({Don't do} 27. gxf4 Rc8 28. Rd7+ Kg8 $18) 27... Ke6 28. Rxf4 {[%emt 0:00:05] KR-KR. White is two pawns up.} Rd8 29. a4 g5 (29... Rd2 $142 30. axb5 axb5) 30. Rb4 bxa4 31. Rxa4 Rd6 32. h4 h6 33. hxg5 hxg5 34. Kg2 Kf5 35. Ra5+ Kf6 36. Kf3 Rb6 37. Kg4 Rxb2 38. Rxa6+ Kg7 39. f3 (39. Kxg5 Rxf2 40. Ra7+ Kf8 $14) 39... Rb5 40. Rc6 Rd5 41. c4 Re5 42. Rd6 Rc5 43. Rd5 Rxc4+ 44. Kxg5 Rc3 45. Rd7+ Kf8 46. Kg4 1-0

[Event "15th Chennai GM Open 2025"]
[Site "Chennai"]
[Date "2025.01.09"]
[Round "10.4"]
[White "Ajay Santhosh Parvathareddy"]
[Black "Kaustuv, Kundu"]
[Result "0-1"]
[ECO "E94"]
[WhiteElo "2292"]
[BlackElo "2409"]
[Annotator "TA"]
[PlyCount "228"]
[EventDate "2025.01.02"]
[EventType "swiss"]
[EventCountry "IND"]
[SourceTitle "playchess.com"]
[Source "ChessBase"]
[SourceQuality "1"]
[TimeControl "5400+30"]

1. d4 Nf6 2. c4 g6 3. Nc3 Bg7 4. e4 d6 5. Be2 O-O 6. Nf3 e5 7. O-O Bg4 8. d5 a5 9. Be3 Bxf3 10. Bxf3 Na6 11. a3 Nc5 12. b4 axb4 13. axb4 Rxa1 14. Qxa1 Nb3 15. Qd1 Nd4 16. Bxd4 exd4 17. Qxd4 Nxe4 18. Qxe4 Bxc3 19. g3 Bxb4 20. Rb1 Bc5 21. Rxb7 Bb6 22. c5 Bxc5 23. Rb2 Qf6 24. Ra2 Rb8 25. Kg2 Kg7 26. Re2 Rb3 27. Qf4 Qxf4 28. gxf4 Bb6 29. Be4 f5 30. Bf3 Kf7 31. Rd2 Rc3 32. Be2 Bc5 33. h4 h5 34. Bb5 Rb3 35. Bc6 Rb4 36. Kg3 Bd4 37. Re2 Bf6 38. Re1 Rb3+ 39. f3 Rb8 40. Rc1 Bd4 41. Ba4 Bc5 42. Re1 Bd4 43. Rc1 Rb7 44. Re1 Bf6 45. Bd7 Ra7 46. Bc6 Ra2 47. Bd7 Bd4 (47... Ra1 $17 48. Re2 Rh1 49. Be6+ Kg7) 48. Kh3 (48. Be8+ $11 Kg8 49. Re6) 48... Ra3 49. Kg3 Be3 50. Bc6 Rc3 51. Bb5 Rb3 52. Bd7 Kg7 53. Be8 Rd3 54. Bc6 Kf8 55. Re2 Bd2 56. Re6 Rd4 57. Rxg6 Bxf4+ 58. Kf2 Kf7 59. Re6 Be5 60. Be8+ Kg7 61. Rg6+ Kf8 62. Bc6 Rxh4 63. Rg5 Kf7 (63... Rh2+ $1 $17 64. Kg1 Ke7) 64. Rxf5+ $15 Kg6 65. Rf8 Rh2+ 66. Kg1 Rd2 67. f4 Bd4+ 68. Kh1 $1 h4 69. Bd7 Kg7 70. Rf5 {[%emt 0:00:24] [#]} (70. Re8 $142) 70... Bf6 $1 $17 71. Rh5 Rd4 72. Kg2 Rxf4 73. Bf5 Bd4 74. Rh7+ (74. Kh3 $17) 74... Kf6 $19 75. Bc8 Ke5 (75... Kg5 $19 {Threatens to win with ...Rf2+.} 76. Rxc7 Rf2+ 77. Kh1 h3) 76. Rxc7 $17 Kxd5 77. Bb7+ Ke6 78. Bc8+ Ke5 79. Re7+ Kd5 80. Be6+ Kc6 81. Rf7 Bf6 82. Rh7 Rd4 83. Bd7+ Kb6 84. Kh3 Rd1 85. Rh6 Bd8 86. Rh8 Kc7 87. Rh7 Rd3+ 88. Kg4 Kb6 89. Rh8 Be7 90. Rh7 Re3 91. Rh5 Kc7 92. Bb5 Re4+ 93. Kf5 d5 94. Rh7 {[%emt 0:03:23] [#]} (94. Bf1 $17) 94... Kd6 $1 $19 95. Be8 Re1 96. Rh6+ Kc5 97. Rc6+ Kd4 98. Re6 Rf1+ ({Much less strong is} 98... Rxe6 99. Kxe6 Kc4 100. Bc6 $19) 99. Kg4 Bf6 100. Bd7 (100. Re2 $17) 100... Rg1+ $19 101. Kh3 $2 (101. Kf3) 101... Rg3+ $19 102. Kh2 Be5 103. Kh1 Rg7 104. Bc8 h3 (104... Rc7 $142 105. Re8 Rc3) 105. Rc6 h2 106. Rc1 Bf4 107. Rd1+ Ke3 108. Ba6 d4 109. Bb5 Rc7 110. Ba6 Ra7 111. Bb5 Ra5 112. Bc4 Kf2 113. Rf1+ Ke3 114. Rd1 $1 Ra7 $2 ({Black should try} 114... Ra3 $19 115. Bb5 Ra5) 0-1

[Event "15th Chennai GM Open 2025"]
[Site "Chennai"]
[Date "2025.01.09"]
[Round "10.5"]
[White "Mayank Chakraborty"]
[Black "Karthikeyan, P.."]
[Result "1/2-1/2"]
[ECO "B12"]
[WhiteElo "2457"]
[BlackElo "2286"]
[Annotator "TA"]
[PlyCount "79"]
[EventDate "2025.01.02"]
[EventType "swiss"]
[EventCountry "IND"]
[SourceTitle "playchess.com"]
[Source "ChessBase"]
[SourceQuality "1"]
[TimeControl "5400+30"]

1. e4 c6 2. d4 d5 3. f3 e6 4. Nc3 Bb4 5. Bd2 Ne7 6. h4 Nd7 7. Nce2 Ba5 8. h5 h6 9. e5 c5 10. f4 f6 11. Nf3 O-O 12. Bxa5 Qxa5+ 13. c3 (13. Qd2 $11 Qxd2+ 14. Kxd2) 13... fxe5 (13... cxd4 $1 $17 {Hoping for ...fxe5.} 14. exf6 Nxf6 15. Nexd4 Ng4) 14. fxe5 (14. dxe5 $11 b5 15. g3) 14... Nb6 (14... cxd4 $1 $17 15. b4 Qa3 16. cxd4 Qxb4+ 17. Kf2 Nb6) 15. dxc5 Nc4 16. Ned4 (16. b3 $1 $11 {keeps the balance.} Ne3 17. Qd2 Qxc5 18. Ned4) 16... Nxb2 $17 17. Qb3 (17. Qd2 $142 Na4 18. Bd3) 17... Na4 18. Qb4 Qxc5 19. Rc1 Bd7 20. Qxb7 Nb6 (20... Qa3 21. Rc2 Nb6 (21... Nc5 $2 22. Qb4 $18) 22. Qa6 $17) 21. Qa6 (21. Bd3 $2 Bc8 $19) 21... Nf5 22. Nb3 Qe3+ 23. Qe2 {[%emt 0:00:13] [#]} Qf4 $1 24. Qd2 Qe4+ (24... Qg3+ 25. Qf2 $11) 25. Kf2 {[%emt 0:00:08] [#]} Qg4 ({Black should try} 25... Nh4 $1 $19 26. Nbd4 Nxf3 27. Nxf3 Qxe5) 26. Rh3 Be8 (26... Nh4 $17 {[%cal Ob6c4] And now ...Nc4! would win.} 27. Nbd4 Nc4 (27... Qxh5 28. Kg1 $17)) 27. Nc5 Bf7 {[%emt 0:01:55][%cal Oa8c8] Threatening ...Rac8!} (27... Bxh5 28. Nxe6 $11) (27... Rc8 $5 28. Nxe6 Nd6 29. exd6 Qxe6 $15) 28. Kg1 Rac8 (28... Bxh5 $2 29. Nxe6 $18) 29. Qf2 Nc4 (29... Bxh5 $2 {too greedy.} 30. Nxe6 Rf7 (30... Rfe8 $2 31. Nh2 $18) 31. Nh2 $18) (29... Na4 {simplifies} 30. Nxa4 Qxa4 31. Qd2 Qg4) 30. Rb1 Nce3 (30... Bxh5 $2 {loses.} 31. Nxe6 Bf7 32. Nxf8 Rxf8 33. a4 $18 (33. Qxa7 Nce3 $18)) 31. Rb4 Qxh3 32. gxh3 Rxc5 33. Nd4 {[%emt 0:03:51] Nxf5 would now be deadly.} Rxc3 {[%emt 0:00:34] Strongly threatening ...Rc1.} 34. Rb3 {[%emt 0:02:19] Dancing on a razor blade.} Rc1 35. Rxe3 Nxd4 36. Qd2 Rxf1+ 37. Kxf1 Bxh5+ 38. Kg2 {[%emt 0:00:07] The position is equal.} Nf5 39. Rb3 d4 40. Rd3 {[%emt 0:02:10] Black had all chances to win.   Weighted Error Value: White=0.20 (precise) /Black=0.24 (precise) .  Mistake:       	White=4     	Black=4      Inaccurate:     	White=3     	Black=2      OK:         	White=10    	Black=13     Best:        	White=5     	Black=5      Strong:       	---       	Black=1} 1/2-1/2

[Event "15th Chennai GM Open 2025"]
[Site "Chennai"]
[Date "2025.01.09"]
[Round "10.6"]
[White "Slizhevsky, Alexander"]
[Black "Shahil Dey"]
[Result "1/2-1/2"]
[ECO "B43"]
[WhiteElo "2340"]
[BlackElo "2374"]
[Annotator "TA"]
[PlyCount "60"]
[EventDate "2025.01.02"]
[EventType "swiss"]
[EventCountry "IND"]
[SourceTitle "playchess.com"]
[Source "ChessBase"]
[SourceQuality "1"]
[TimeControl "5400+30"]

1. e4 c5 2. Nf3 e6 3. d4 cxd4 4. Nxd4 a6 5. Be2 Nf6 6. Nc3 Qc7 7. O-O Bb4 8. Qd3 Nc6 9. Bg5 Be7 10. Nxc6 bxc6 11. f4 d5 12. e5 Ng8 13. Bxe7 Nxe7 14. Na4 Qa5 (14... a5 $11 {remains equal.}) 15. Qa3 $16 {[%emt 0:06:42] White has more active pieces. The black rooks are passive.} Rb8 16. Bd3 Rb4 17. b3 d4 18. Qc1 Nd5 19. Nb2 Ne3 20. Rf3 c5 21. Qe1 {[%emt 0:06:40] and a3 should not be overlooked} Qd8 22. c3 Rb8 23. Nc4 Nxc4 24. Bxc4 dxc3 25. Rxc3 O-O 26. Rd1 Qa5 27. Rc2 Qa3 28. Rd6 Bb7 $2 {[%emt 0:01:18] [#]} (28... a5 $16) 29. Qc1 (29. f5 $1 $18 {[%cal Rf5f6] and the rest is easy.} Bd5 30. Rxa6 (30. Bxa6 c4 $14)) 29... Qa5 30. Qd2 Qa3 $2 (30... Qb4 $16 {keeps fighting.}) 1/2-1/2

[Event "15th Chennai GM Open 2025"]
[Site "Chennai"]
[Date "2025.01.09"]
[Round "10.7"]
[White "Manish Anto Cristiano F"]
[Black "Siddharth, Jagadeesh"]
[Result "0-1"]
[ECO "C95"]
[WhiteElo "2328"]
[BlackElo "2515"]
[Annotator "TA"]
[PlyCount "78"]
[EventDate "2025.01.02"]
[EventType "swiss"]
[EventCountry "IND"]
[SourceTitle "playchess.com"]
[Source "ChessBase"]
[SourceQuality "1"]
[TimeControl "5400+30"]

1. e4 e5 2. Nf3 Nc6 3. Bb5 a6 4. Ba4 Nf6 5. O-O Be7 6. Re1 b5 7. Bb3 d6 8. c3 O-O 9. h3 Nb8 10. d4 Nbd7 11. Nbd2 Bb7 12. Bc2 Re8 13. Nf1 Bf8 14. Ng3 a5 15. Bd3 b4 16. Bd2 exd4 17. cxd4 c5 18. Bf4 g6 19. Qd2 (19. dxc5 $14 dxc5 20. Bb5) 19... Qb6 (19... cxd4 $15 20. Nxd4 Nc5) 20. Rad1 cxd4 21. Bb1 Ne5 22. Qxd4 Nxf3+ 23. gxf3 Qxd4 24. Rxd4 d5 25. Rd2 dxe4 26. Nxe4 Nh5 $1 {[%emt 0:05:16][%cal Ob7e4] aiming for ...Bxe4!.} 27. Be3 f5 $1 28. Nd6 Bxd6 29. Rxd6 {[%emt 0:00:06] [#]} f4 $1 $36 {[%emt 0:05:43][%mdl 2048] Black has strong initiative.} 30. Bd2 {[%emt 0:02:42] [#]} Red8 $1 (30... Rxe1+ 31. Bxe1 Bxf3 32. Bd2 $11) 31. Rxd8+ Rxd8 32. Bc1 Bxf3 {[%emt 0:00:07] Black is more active.} 33. Bc2 Rd4 34. b3 (34. Re5 $15) 34... Kf7 35. Re5 Bd1 36. Rc5 Bxc2 37. Rxc2 Rd3 38. Kg2 $2 (38. Bb2 $17) 38... f3+ $19 39. Kf1 Rd1# 0-1

[Event "15th Chennai GM Open 2025"]
[Site "Chennai"]
[Date "2025.01.09"]
[Round "10.8"]
[White "Rios Gomez, Cristhian Camilo"]
[Black "Setumadhav Yellumahanthi"]
[Result "1/2-1/2"]
[ECO "E36"]
[WhiteElo "2435"]
[BlackElo "2334"]
[Annotator "TA"]
[PlyCount "40"]
[EventDate "2025.01.02"]
[EventType "swiss"]
[EventCountry "IND"]
[SourceTitle "playchess.com"]
[Source "ChessBase"]
[SourceQuality "1"]
[TimeControl "5400+30"]

1. d4 Nf6 2. c4 e6 3. Nc3 Bb4 4. Qc2 d5 5. a3 Bxc3+ 6. Qxc3 O-O 7. Bg5 dxc4 8. Qxc4 h6 9. Bh4 b6 10. Nf3 Ba6 11. Qa4 c5 12. dxc5 bxc5 13. Rd1 {[%emt 0:00:30] Dodges Qd7} Qb6 14. Bxf6 gxf6 15. Rd2 Nc6 16. Qg4+ (16. e3 $11 Bxf1 17. Rxf1 (17. Kxf1 Rad8 $11)) 16... Kh7 $1 $15 17. Qh4 {[%emt 0:01:26] [#]} (17. e3 $15) 17... Kg7 (17... Rad8 $1 $17 18. Rxd8 (18. Qxf6 Rxd2 19. Kxd2 Nd4 $17) 18... Rxd8 19. Qxf6 Kg8) 18. Qg4+ (18. Qg3+ $11 Kh7 19. Qh4) 18... Kh7 $17 19. Qh4 {[%emt 0:00:09] [#]} Kg7 (19... Rad8 $1 $17 {[%cal Rd8d2] ...Rxd2 would now be deadly.} 20. Rxd8 (20. Qxf6 Rxd2 21. Kxd2 Qb3 $15) 20... Rxd8 21. Qxf6 Kg8) 20. Qg4+ $11 Kh7 1/2-1/2

[Event "15th Chennai GM Open 2025"]
[Site "Chennai"]
[Date "2025.01.09"]
[Round "10.9"]
[White "Adireddy Arjun"]
[Black "Das, Sayantan"]
[Result "0-1"]
[ECO "A25"]
[WhiteElo "2326"]
[BlackElo "2434"]
[Annotator "TA"]
[PlyCount "64"]
[EventDate "2025.01.02"]
[EventType "swiss"]
[EventCountry "IND"]
[SourceTitle "playchess.com"]
[Source "ChessBase"]
[SourceQuality "1"]
[TimeControl "5400+30"]

1. c4 e5 2. d3 Nc6 3. Nf3 f5 4. g3 Nf6 5. Bg2 Bb4+ 6. Bd2 a5 7. O-O O-O 8. Nc3 Bxc3 9. Bxc3 d6 10. Ne1 f4 {[%emt 0:07:26] The position is equal.} 11. Nc2 Qe8 12. Qd2 (12. e3 $11 {remains equal.}) 12... Qh5 $1 $17 13. gxf4 (13. Qe1 $142) 13... Ng4 $1 (13... Bh3 $6 14. f3 $11) 14. h3 Nh6 {[%emt 0:00:05] A dynamic duo of knights.} 15. fxe5 Bxh3 $40 {[%emt 0:03:26][%mdl 128] Black has strong attack.} 16. f3 $2 (16. Bxh3 Qxh3 17. Qe3 Qg4+ 18. Qg3 Qxe2 (18... Nxe5 19. Qxg4 Nhxg4 20. f3 $14) 19. Ne3 (19. exd6 $2 Nf5 $19) 19... dxe5 (19... Qxd3 20. exd6 Rf7 21. Rfd1 $16) 20. Rae1 Qxd3 21. Rd1) 16... Bxg2 $19 (16... dxe5 17. Bxh3 Qxh3 18. Rf2 $11) (16... Nxe5 17. Rf2 $17) 17. Kxg2 {[%emt 0:00:11] [#]} Rf5 $1 {[%emt 0:02:08] And now ...Rg5+ would win.} (17... Nxe5 $2 18. Bxe5 Qxe5 (18... dxe5 19. Rh1 $17) 19. d4 $19) (17... dxe5 18. Rh1 Qg6+ 19. Kf2 Ng4+ 20. Ke1 $14) 18. e4 Qg6+ 19. Kf2 {[%emt 0:01:25] [#]} Rxf3+ 20. Kxf3 Rf8+ (20... Nxe5+ $2 21. Bxe5 dxe5 22. Ne3 $18) 21. Ke2 Qg2+ (21... dxe5 $2 {too greedy.} 22. Rxf8+ (22. Bxa5 $2 Qg2+ 23. Kd1 Qxf1+ 24. Qe1 Qxd3+ 25. Qd2 Qxe4 $19) 22... Kxf8 23. Rf1+ (23. Bxa5 Qh5+ 24. Kf1 Qh1+ 25. Kf2 Qh2+ 26. Ke1 Qh1+ 27. Kf2 Qh2+ 28. Kf1 Qh1+ 29. Ke2 Qh5+ 30. Kf2 Qh2+ $11) 23... Nf7 24. Kd1 $18 (24. Bxa5 Qg4+ 25. Ke1 Qg3+ 26. Rf2 Qg1+ 27. Ke2 Qg4+ 28. Kf1 Kg8 $18)) 22. Kd1 Qxf1+ 23. Ne1 Rf2 24. Qg5 Qe2+ 25. Kc1 Nf7 26. Qd2 Qf1 ({Don't play} 26... Nfxe5 27. Qxe2 Rxe2 28. Kd1) 27. Qe3 (27. Qd1) 27... Nfxe5 28. a3 {[%emt 0:00:38] Repels Nb4} Rf3 29. Qg5 Rxd3 30. Kc2 Qe2+ ({Not} 30... Nxc4 31. Qxg7#) 31. Kb3 a4+ 32. Kxa4 {[%emt 0:00:49] [#]} Rxc3 $1 {[%emt 0:00:21][%mdl 512] White got outplayed after the opening.   Weighted Error Value: White=1.48/Black=0.27 (precise) .  Mistake:       	White=4     	---        Inaccurate:     	White=3     	---        OK:         	White=4     	Black=7      Best:        	White=2     	Black=3      Strong:       	---       	Black=3      Brilliant:      	---       	Black=1} 0-1

[Event "15th Chennai GM Open 2025"]
[Site "Chennai"]
[Date "2025.01.09"]
[Round "10.11"]
[White "Sathvik Adiga"]
[Black "Madhvendra Pratap Sharma"]
[Result "1-0"]
[ECO "C19"]
[WhiteElo "2395"]
[BlackElo "2281"]
[Annotator "TA"]
[PlyCount "79"]
[EventDate "2025.01.02"]
[EventType "swiss"]
[EventCountry "IND"]
[SourceTitle "playchess.com"]
[Source "ChessBase"]
[SourceQuality "1"]
[TimeControl "5400+30"]

1. e4 e6 2. d4 d5 3. Nc3 Bb4 4. e5 c5 5. a3 Bxc3+ 6. bxc3 Ne7 7. a4 Nbc6 8. Nf3 Qa5 9. Bd2 Bd7 10. Bb5 Qc7 11. O-O Na5 12. Bd3 h6 (12... c4 $5 13. Be2 $8 Nac6 $14) 13. h4 b6 14. Re1 Nf5 15. h5 Nc6 16. g4 Nfe7 17. Kg2 c4 18. Be2 f6 (18... O-O-O $11) 19. Bf4 $14 g5 (19... f5 $11) 20. hxg6 (20. exf6 $2 Qxf4 21. fxe7 Qxg4+ 22. Kh1 Qxh5+ (22... Nxe7 23. Ne5 $11) 23. Nh2 Qh4 $19) 20... Nxg6 21. Bg3 (21. exf6 $2 Qxf4 (21... Nxf4+ $2 22. Kh1 $19) 22. Rh1 O-O $19 (22... Qxg4+ $2 23. Kf1 $19)) 21... fxe5 22. Nxe5 (22. dxe5 $14 {feels stronger.} O-O-O 23. Rh1) 22... Ncxe5 $11 23. dxe5 O-O-O 24. Rh1 Qb7 (24... Rdf8 $11) 25. Qd4 {[%emt 0:07:06] and a5 would now be decisive} (25. a5 {is more complex.} d4+ 26. Bf3 Bc6 27. Bxc6 Qxc6+ 28. Qf3) 25... Ne7 (25... Qc7 $1 $14) 26. Bh4 {[%emt 0:00:46] White is more active.} (26. a5 $142) 26... Nc6 27. Qd2 Rdf8 (27... Rdg8 $16) 28. Bf6 $18 Rhg8 29. Rxh6 (29. Qxh6 $6 Be8 $16) 29... d4 $2 (29... Be8 {was worth a try.} 30. f4 Bg6) 30. Kg3 (30. Bxc4 $2 {too greedy.} Nxe5+ 31. Kf1 Rxg4 $19 (31... Nxc4 $2 32. Qxd4 Qc6 33. g5 $19) (31... Nxg4 32. Bxd4 e5 33. Bxg8 $15) (31... Rxf6 $2 32. Rxf6 Qh1+ 33. Ke2 $19)) 30... d3 31. cxd3 cxd3 $2 (31... Na5 32. Qf4 (32. dxc4 Nb3 $18) 32... cxd3) 32. Qxd3 Qc7 {[%emt 0:00:21][%cal Of8f6] Threatens to win with ...Rxf6!.} 33. Qd6 Qxd6 34. exd6 e5 35. Rah1 Nd8 36. Rh8 Rxh8 37. Rxh8 Rxf6 38. Ba6+ Kb8 39. Rxd8+ Bc8 40. Rxc8# 1-0

[Event "15th Chennai GM Open 2025"]
[Site "Chennai"]
[Date "2025.01.09"]
[Round "10.12"]
[White "Rosh Jain"]
[Black "Sanket Chakravarty"]
[Result "1-0"]
[ECO "C90"]
[WhiteElo "2071"]
[BlackElo "2374"]
[Annotator "TA"]
[PlyCount "79"]
[EventDate "2025.01.02"]
[EventType "swiss"]
[EventCountry "IND"]
[SourceTitle "playchess.com"]
[Source "ChessBase"]
[SourceQuality "1"]
[TimeControl "5400+30"]

1. e4 e5 2. Nf3 Nc6 3. Bb5 a6 4. Ba4 Nf6 5. O-O Be7 6. Re1 b5 7. Bb3 d6 8. a4 Bd7 9. c3 O-O 10. d4 exd4 11. cxd4 Bg4 12. axb5 axb5 {[%emt 0:02:12] The position is equal.} 13. Rxa8 Qxa8 14. Nc3 Na5 15. Bc2 {[%emt 0:08:37][%cal Oh2h3] Threatening h3!} b4 16. Ne2 c5 (16... Nxe4 $2 17. Bxe4 d5 (17... Qxe4 $2 18. Ng3 $18) 18. Bb1 $18) (16... Bxf3 $5 17. gxf3 Rd8 $11) 17. h3 Bxf3 18. gxf3 Qc8 19. Kh2 Nc6 (19... Qc7 $11) 20. d5 $1 $14 Nd4 21. Nxd4 cxd4 22. Ba4 Qc5 23. Bc6 Nh5 24. f4 g6 25. Qd3 Bh4 26. Kg1 f5 (26... Rb8 $14) 27. e5 $16 dxe5 (27... Rb8 $16 28. Bd2 Be7) 28. fxe5 $18 f4 29. Bd2 Rf5 30. Re4 Rg5+ 31. Kf1 {[%emt 0:00:06][%cal Oe5e6] Strongly threatening e6!} Bxf2 $2 (31... Ng3+ 32. fxg3 Rxg3 33. Qxd4 Rf3+ 34. Ke2 Rf2+ 35. Kd3 Rf3+ 36. Be3 Rxe3+ 37. Rxe3 Qxd4+ 38. Kxd4 Bf2) 32. Kxf2 Rg3 33. Qxd4 Qc2 {[%emt 0:00:03] [#]} 34. d6 $1 {[%emt 0:05:32] Intending d7 and mate.} Rd3 {[%emt 0:00:32] [#]} (34... Kg7 35. e6+) 35. Qc4+ $1 (35. Qxb4 $2 {is the wrong capture.} Rxd2+ $19 (35... Qxc6 $2 {loses.} 36. Qb8+ Kg7 37. Qc7+ Qxc7 38. dxc7 $18) (35... Qxc6 $2 36. Qb8+ Kg7 37. Qc7+ Qxc7 38. dxc7 $18)) ({Don't go for} 35. Bd5+ $2 Kh8 36. Qc4 Rxd2+ (36... Qxd2+ 37. Re2 $18) 37. Re2 Rxe2+ (37... Qxb2 38. Bf3 $11) 38. Qxe2 Qc5+ 39. Ke1 Qxd5 $19) 35... Qxc4 36. Rxc4 {[%emt 0:00:01] Ke2 is the strong threat.} Rxd2+ 37. Ke1 Rd3 38. Be4 Re3+ 39. Kd2 {[%emt 0:00:39] d7 would kill now.} Kf7 40. Bd5+ {[%emt 0:00:21] Weighted Error Value: White=0.05 (flawless) /Black=0.70.  Mistake:       	---       	Black=4      Inaccurate:     	White=1     	Black=2      OK:         	White=10    	Black=6      Best:        	White=2     	Black=2      Strong:       	White=1     	---} 1-0

[Event "15th Chennai GM Open 2025"]
[Site "Chennai"]
[Date "2025.01.09"]
[Round "10.13"]
[White "Nguyen, Duc Hoa"]
[Black "Arnav Agrawal"]
[Result "1-0"]
[ECO "E70"]
[WhiteElo "2358"]
[BlackElo "2006"]
[Annotator "TA"]
[PlyCount "79"]
[EventDate "2025.01.02"]
[EventType "swiss"]
[EventCountry "IND"]
[SourceTitle "playchess.com"]
[Source "ChessBase"]
[SourceQuality "1"]
[TimeControl "5400+30"]

1. d4 Nf6 2. c4 g6 3. Nc3 Bg7 4. e4 O-O 5. e5 Ne8 6. Nf3 d6 7. Bf4 Nc6 8. h3 h6 (8... Bf5 $11 {was preferable.}) 9. Be2 g5 10. Bg3 Bf5 (10... dxe5 $11 {keeps the balance.} 11. d5 (11. Bxe5 Nxe5 12. dxe5 Qxd1+ 13. Rxd1 c6 $11) (11. dxe5 Qxd1+ 12. Rxd1 f5 $14) 11... Nd4) 11. Qb3 $16 Qc8 12. Rd1 dxe5 13. dxe5 (13. Nxe5 $6 Nxe5 14. dxe5 (14. Bxe5 Bxe5 15. dxe5 c6 $14) 14... c6 $14) 13... Bh8 14. Nd5 Ng7 {[%emt 0:15:08] [#]} (14... Be4 $16 15. Qe3 Bxf3) 15. Nd4 ({Better is} 15. h4 $1 $18 ) 15... Re8 {[%emt 0:00:13] [#]} 16. e6 $1 Bxe6 17. Nxc7 {[%emt 0:00:35] White has more active pieces.} Nxd4 18. Rxd4 Nf5 19. Rd2 $36 {[%emt 0:00:20][%mdl 2048] White is on the roll.} Nxg3 (19... b5 $16 {keeps fighting.}) 20. Qxg3 $18 Rd8 {[%emt 0:04:43] [#]} 21. Rxd8+ $1 Qxd8 22. Nxa8 Qa5+ 23. Kf1 {[%emt 0:00:21] and Qb8+ would now be decisive} Qxa2 (23... Qd8 $142 24. Nc7 Bxc4) 24. Qb8+ Kg7 {[%emt 0:01:00] ( -> ...Qa1+)} 25. g3 (25. Qxb7 $2 {is a self mate.} Qb1+) 25... Qxb2 26. Nc7 Bf5 27. Bf3 {[%emt 0:00:15] Prevents Be4.} b6 (27... Kh7 $142 28. Qe8 (28. Qxb7 Qxb7 29. Bxb7 a5 $18) (28. Qxa7 $2 {loses.} Bd4 $19) 28... Bg6) 28. Nd5 Bd3+ 29. Kg2 Be2 30. Re1 (30. Nxe7 Bxf3+ 31. Kxf3 Qf6+ 32. Kg2 Qxe7 $18) 30... Bxf3+ 31. Kxf3 e6 32. Ne3 a5 33. Qe8 h5 34. Rd1 Kg6 35. Rd7 Qf6+ 36. Kg2 Bg7 37. Rb7 h4 38. Qc6 Qe5 {[%emt 0:02:02] Prevents Qe4+.} 39. g4 Qf4 40. Qf3 1-0

[Event "15th Chennai GM Open 2025"]
[Site "Chennai"]
[Date "2025.01.09"]
[Round "10.14"]
[White "Mohamed Anees M"]
[Black "Anadkat Kartavya"]
[Result "1-0"]
[ECO "C88"]
[WhiteElo "2334"]
[BlackElo "2139"]
[Annotator "TA"]
[PlyCount "95"]
[EventDate "2025.01.02"]
[EventType "swiss"]
[EventCountry "IND"]
[SourceTitle "playchess.com"]
[Source "ChessBase"]
[SourceQuality "1"]
[TimeControl "5400+30"]

1. e4 e5 2. Nf3 Nc6 3. Bb5 a6 4. Ba4 Nf6 5. O-O Be7 6. Re1 b5 7. Bb3 O-O 8. h3 Bb7 9. d3 d5 10. exd5 Nxd5 11. Nxe5 Nxe5 12. Rxe5 Qd6 13. Re1 c5 14. Nd2 Rae8 15. Ne4 Qc6 16. c4 Nb6 $1 17. f3 Bh4 {[%emt 0:18:08] and ...bxc4 would now be decisive} 18. Rf1 $36 {[%emt 0:02:18][%mdl 2048] White is more active.} Kh8 19. Bf4 Rd8 ({Better is} 19... f5 $14 20. Nd6 Rd8) 20. Qc2 $1 $16 b4 21. Be3 Be7 22. a3 (22. Qf2 $16) 22... f5 $14 23. Nd2 a5 (23... bxa3 $1 $11 {remains equal.} 24. Rxa3 (24. bxa3 Qd6 $11) 24... Rfe8) 24. axb4 $16 axb4 25. Rfd1 (25. Bf2 $1 $16) 25... Bf6 $11 26. Nf1 (26. Ra5 {is more complex.} Rfe8 27. Bxc5 Re2 28. d4) 26... Bd4 (26... g5 $11) 27. Bxd4 Rxd4 28. Qf2 f4 (28... Qd6 $16) 29. Bc2 $18 Nc8 30. Nd2 Ne7 31. Nb3 Nf5 32. Ra5 Rdd8 33. Rxc5 (33. Nxc5 Ne3 $16) (33. Qxc5 $6 Qf6 $14) 33... Qh6 34. Re1 Ne3 {[%emt 0:00:14] [#]} 35. Re5 (35. d4 $142 $1) 35... Rde8 {[%emt 0:02:35] [#]} (35... Bc6 $16 {was worth a try.}) 36. Rxe8 $1 Rxe8 37. d4 Bc8 38. Bd3 Rd8 39. d5 Re8 40. Nd4 Qg5 41. Kh2 Qf6 42. Nc2 (42. Nc6 b3 43. c5 g6 $18) 42... g6 43. b3 (43. Nxb4 Bd7 44. Re2 Qd4 $18) (43. Nxe3 fxe3 44. Qe2 Bf5 45. Bxf5 Qxf5 $18) 43... Qe5 44. Be4 (44. Nxb4 Qc3 $16) 44... Bf5 45. Nxe3 ({Less strong is} 45. Nxb4 Bxe4 46. Nc6 (46. fxe4 g5 $18) 46... Qf5 47. fxe4 Qxe4 $18) ({But not} 45. Bxf5 gxf5 46. Qh4 (46. Nxb4 Qc3 $18) 46... Rg8 $18) 45... fxe3+ 46. Qg3 {[%emt 0:00:03] Hoping for Qxe5+.} Qd4 47. Qf4 Bxh3 48. Kxh3 1-0